Map: Ley Lines

Players

Sigil

  • Race: Zerg Zerg
  • League: Grandmaster
  • Spawn Location: 7:00

A.I. 1 (Very Easy) - Winner!

  • Race: Terran Terran
  • Spawn Location: 1:00

VOD

Have the link to the VOD?

Description

Time

  • Played on: April 19, 2025, 1:35 p.m.
  • Length: 8:35
Show
View Real Time Build Order
Export as new Build Order

Sigil Zerg 

Build Orders: Hatch First 

Get SALT Encoding   

  12  0:00  Drone  
  13  0:08  Drone  
  14  0:14  Extractor  
  14  0:15  Drone  
  15  0:24  Overlord  
  15  0:43  Drone  
  15  0:47  Hatchery  
  15  0:49  Drone  
  16  0:51  Drone  
  16  0:56  Drone  
  18  1:05  Extractor  
  17  1:12  Spawning Pool  
  17  1:15  Drone  
  17  1:17  Drone  
  18  1:26  Drone  
  19  1:37  Drone  
  20  1:47  Drone  
  21  1:59  Queen x2  
  21  2:00  Zergling x4  
  27  2:09  Overlord  
  27  2:17  Hatchery  
  27  2:20  Drone  
  27  2:23  Drone  
  28  2:30  Drone  
  28  2:31  Drone x2  
  31  2:43  Metabolic Boost  
  31  2:44  Queen  
  31  2:49  Overlord  
  33  2:55  Drone x2  
  33  2:56  Drone  
  36  3:07  Overlord  
  36  3:09  Drone x4  
  40  3:16  Drone  
  41  3:22  Drone  
  41  3:23  Queen  
  44  3:30  Drone  
  44  3:31  Drone  
  44  3:32  Zergling x2  
  47  3:35  Zergling x2  
  47  3:40  Zergling x2  
  49  3:47  Overlord  
  49  3:49  Drone x4  
  53  3:57  Drone x5  
  58  4:05  Overlord  
  58  4:07  Drone x2  
  58  4:09  Drone  
  61  4:10  Drone x2  
  63  4:19  Drone x3  
  63  4:20  Overlord  
  63  4:23  Lair  
  66  4:27  Drone x4, Extractor  
  69  4:31  Drone  
  69  4:34  Drone  
  71  4:41  Drone  
  71  4:42  Drone x3  
  71  4:43  Hatchery  
  74  4:48  Extractor x2  
  74  4:50  Drone x9, Evolution Chamber  
  74  4:51  Evolution Chamber  
  79  4:54  Baneling Nest  
  79  4:59  Extractor  
  77  5:00  Drone x2  
  77  5:01  Drone  
  80  5:17  Zergling x4  
  80  5:18  Overlord x3  
  80  5:20  Zerg Ground Armor Level 1, Zerg Melee Weapons Level 1  
  82  5:25  Overlord x2  
  82  5:38  Centrifugal Hooks  
  82  5:40  Queen x2  
  82  5:42  Zergling x22  
  97  5:49  Zergling x8  
  101  5:52  Baneling  
  101  5:53  Baneling x12  
  101  5:54  Baneling  
  101  5:55  Hatchery  
  101  5:56  Drone x2  
  102  5:57  Drone  
  102  6:01  Drone x3  
  106  6:05  Drone  
  106  6:08  Drone x2  
  109  6:11  Drone  
  109  6:12  Drone x3  
  109  6:17  Hatchery  
  112  6:19  Hydralisk Den  
  111  6:26  Zergling x16  
  111  6:31  Baneling x13  
  111  6:32  Zergling x2  
  120  6:34  Overlord  
  120  6:39  Zergling x10  
  125  6:43  Zergling x6  
  128  6:49  Grooved Spines  
  127  6:56  Zergling x2, Overlord  
  127  6:57  Overlord x3  
  128  7:02  Baneling x2  
  128  7:04  Baneling x2  
  128  7:05  Baneling x2  
  128  7:12  Zergling x12  
  134  7:17  Hydralisk  
  134  7:19  Hydralisk  
  137  7:26  Baneling x4  
  137  7:41  Hydralisk x4  
  145  7:45  Zergling x20  
  145  7:49  Hydralisk  
  145  7:50  Hydralisk  
  159  7:51  Overlord x3  
  159  7:52  Overlord  
  159  8:04  Hatchery  
  158  8:06  Hydralisk x5  
  158  8:08  Zergling x6  
  158  8:09  Overlord x6  
  158  8:12  Zergling x12  
  177  8:13  Zergling x2  
  177  8:16  Zergling x8  
Show
View Real Time Build Order
Export as new Build Order

A.I. 1 (Very Easy) Terran - Winner!

Build Orders:  

Get SALT Encoding   

  12  0:00  SCV  
  13  0:13  SCV  
  14  0:18  Supply Depot  
  14  0:37  Refinery  
  14  0:42  Barracks  
  14  1:03  Supply Depot  
  14  1:12  Refinery  
  14  1:30  Marine  
  14  1:31  Orbital Command  
  15  1:49  Barracks Tech Lab  
  15  1:57  SCV  
  16  2:09  SCV  
  16  2:12  Marine  
  18  2:21  SCV  
  19  2:34  SCV  
  20  2:46  SCV  
  21  2:55  Marauder  
  21  2:58  SCV  
  24  4:29  SCV  
  24  6:28  SCV  
  24  6:29  Marine  
  24  6:30  Supply Depot  
  26  6:32  Factory  
  26  6:35  Command Center  
  26  6:40  SCV  
  26  6:52  SCV  
  23  6:54  Supply Depot  
  23  7:01  Marine  
  24  7:04  SCV  
  25  7:19  Starport  
  24  7:23  SCV  
  25  7:33  Marine  
  26  7:48  SCV  
  27  7:55  SCV  
  28  7:59  Refinery, Starport Tech Lab  
  28  8:01  Refinery  
  28  8:02  SCV  
  28  8:05  Marine  
  29  8:09  SCV  
  30  8:17  SCV  
Tags
 
Matchup
TvZ
Spawn Locations
Cross Positions
Add a new tag
Caveats
  • Supply blocks, unpowered buildings, or Contaminate may cause inaccurate times.
  • Supply counts are checked every 10 seconds.